 Dungeon Crawl Stone Soup version 0.17.1-1-g73c8601 (webtiles) character file.

46 Implojin the Ruffian (level 3, -2/36 HPs)
             Began as a Troll Fighter on Mar 31, 2016.
             Slain by an iguana (7 damage)
             ... on level 5 of the Dungeon.
             The game lasted 00:01:31 (328 turns).

Implojin the Ruffian (Troll Fighter)                 Turns: 328, Time: 00:01:31

Health: -2/36      AC:  5    Str: 24    XL:     3   Next: 44%
Magic:  2/2        EV:  8    Int:  4    God:
Gold:   12         SH:  8    Dex: 10    Spells: 0 memorised, 2 levels left

rFire  . . .     SeeInvis .       - Unarmed
rCold  . . .     Clarity  .     a - +0 robe
rNeg   . . .     SustAt   .     b - +0 shield
rPois  +         Gourm    +     (helmet restricted)
rElec  .         Spirit   .     (no cloak)
rCorr  .         Warding  .     (gloves unavailable)
rMut   .         Stasis   .     (boots unavailable)
MR     .....                    (no amulet)
Stlth  +.........               (no ring)
                                h - ring of poison resistance

@: not resistant to hostile enchantments, very unstealthy
A: unfitting armour, claws 3, fast metabolism 3, gourmand, regeneration 2,
shaggy fur 1, tough skin 2
a: no special abilities


You were on level 5 of the Dungeon.
You were very full.

You visited 1 branch of the dungeon, and saw 5 of its levels.

You collected 12 gold pieces.

Inventory:

Armour
 a - a +0 robe (worn)
 b - a +0 shield (worn)
Jewellery
 h - a ring of poison resistance (left claw)
Scrolls
 g - a scroll of fog {unknown}
Potions
 c - a potion of might
 e - 3 potions of cancellation {unknown}
 f - 2 potions of brilliance {unknown}
 i - a potion of curing {unknown}
Comestibles
 d - 2 bread rations
 j - 2 chunks of flesh
 k - a meat ration


   Skills:
 - Level 2.4 Fighting
 - Level 2.4 Dodging
 - Level 2.4 Shields
 * Level 3.9 Unarmed Combat


You had 2 spell levels left.
You didn't know any spells.

Dungeon Overview and Level Annotations

Branches:
Dungeon (5/15)
 Temple: D:4-7

Altars:


Innate Abilities, Weirdness & Mutations

You are too large for most types of armour.
You have claws for hands.
Your metabolism is lightning-fast.
You like to eat raw meat.
You heal very quickly.
You are covered in fur (AC +1).
You have very tough skin (AC +2).


Message History

The quokka bites you.
* * * LOW HITPOINT WARNING * * *
You block the iguana's attack.
A worker ant zombie comes into view.
You claw the quokka!
You kill the quokka!
The quokka twitches its whiskers.
You closely miss the quokka. You block the quokka's attack.
You claw the quokka!
You kill the quokka!
You barely miss the iguana.
You scratch the iguana but do no damage.
The iguana bites you but does no damage.
You scratch the iguana.
The iguana is moderately wounded.
You block the iguana's attack.
The worker ant zombie bites you but does no damage.
The iguana bites you.
You scratch the iguana.
The iguana is heavily wounded.
The iguana closely misses you.
You scratch the iguana.
The iguana is heavily wounded.
The iguana bites you.
* * * LOW HITPOINT WARNING * * *
You scratch the iguana.
The iguana is severely wounded.
The iguana barely misses you.
You completely miss the iguana.
The iguana is severely wounded.
The iguana bites you.
* * * LOW HITPOINT WARNING * * *
You closely miss the iguana.
The iguana is severely wounded.
The iguana bites you!
* * * LOW HITPOINT WARNING * * *
You barely miss the iguana.
The iguana is severely wounded.
The iguana bites you!
You die...

#. #....# ...
#.####....# ....
##.#.......# .
#..###....##....#
..#........#..<#
..........#.###
#.....#....#####
#................
#.....@.....####.
#.##.l#†....#
#.......#####
#.!.......#
...........#
#..........#
#.#######..# #
#... .....


You could see an iguana.

Vanquished Creatures
  A worker ant (D:4)
  A worm (D:2)
  4 giant cockroaches
  A hobgoblin (D:1)
  2 bats
  2 giant geckos
  4 jackals (D:1)
  2 kobolds
  3 quokkas
  A rat (D:1)
21 creatures vanquished.

Notes
Turn   | Place    | Note
--------------------------------------------------------------
     0 | D:1      | Implojin the Troll Fighter began the quest for the Orb.
     0 | D:1      | Reached XP level 1. HP: 22/22 MP: 0/0
    40 | D:1      | Reached XP level 2. HP: 26/29 MP: 1/1
   122 | D:2      | Found a faded altar to an unknown god.
   142 | D:3      | Reached skill level 3 in Unarmed Combat
   285 | D:4      | Reached XP level 3. HP: 28/36 MP: 2/2
   303 | D:5      | Entered Level 5 of the Dungeon
   328 | D:5      | Slain by an iguana

Action                   || total
-------------------------++-------
Melee: Unarmed           ||    73
  Eat: Chunk             ||     7

Table legend:
 A = Turns spent in this place as a percentage of turns spent in the entire game.
 B = Non-inter-level travel turns spent in this place as a percentage of non-inter-level travel turns spent in the entire game.
 C = Inter-level travel turns spent in this place as a percentage of turns spent in this place.
 D = Turns resting spent in this place as a percentage of non-inter-level travel turns spent in this place.
 E = Turns spent auto-exploring this place as a percentage of non-inter-level travel turns spent in this place.
 F = Non-inter-level travel turns spent in this place divided by the number of levels of this place that you've seen.
                   A       B       C       D       E      F
               +-------+-------+-------+-------+-------+----------------------
         Total | 100.0 | 100.0 |   0.0 |   0.0 |   0.0 |  61.0
       Dungeon | 100.0 | 100.0 |   0.0 |   0.0 |   0.0 |  61.0
               +-------+-------+-------+-------+-------+----------------------

Table legend:
 A = Kills in this place as a percentage of kills in entire the game.
 B = Kills by you in this place as a percentage of kills by you in the entire game.
 C = Kills by friends in this place as a percentage of kills by friends in the entire game.
 D = Other kills in this place as a percentage of other kills in the entire game.
 E = Experience gained in this place as a percentage of experience gained in the entire game.
 F = Experience gained in this place divided by the number of levels of this place that you have seen.
                   A       B       C       D       E      F
               +-------+-------+-------+-------+-------+----------------------
         Total | 100.0 | 100.0 |  -nan |  -nan | 100.0 |  13.2
       Dungeon | 100.0 | 100.0 |  -nan |  -nan | 100.0 |  13.2
               +-------+-------+-------+-------+-------+----------------------
